 Dungeon Crawl Stone Soup version 0.22-a0-458-gb446440 (webtiles) character file.

1858670 Mgcat the Merfolkian Porcupine (level 27, 166/247 HPs)
             Began as a Merfolk Berserker on June 7, 2018.
             Was an Elder of Trog.
             Escaped with the Orb
             ... and 3 runes on June 8, 2018!
             The game lasted 03:18:12 (58610 turns).

Mgcat the Merfolkian Porcupine (Merfolk Berserker) Turns: 58610, Time: 03:18:13

Health: 166/247    AC: 41    Str: 42    XL:     27
Magic:  25/25      EV: 32    Int: 15    God:    Trog [****..]
Gold:   2902       SH:  4    Dex: 18    Spells: 26/26 levels left

rFire    + + +     SeeInvis .   a - +9 bardiche (holy)
rCold    + + +     Gourm    .   (shield currently unavailable)
rNeg     + . .     Faith    .   B - +8 ice dragon scales of the Invisible Hand {rPois rF- rC++ rN+ rCorr}
rPois    +         Spirit   .   z - +4 helmet "Omaunuil" {Regen+ Str+3 Stlth-}
rElec    .         Reflect  +   T - scarf {cloud immunity}
rCorr    +         Harm     .   U - +2 pair of gloves {Dex+3}
MR       +++..                  H - +1 pair of boots "Vesoycai" {*Drain rF+++ rCorr Str+2}
Stlth    +.........             l - amulet of the Salamander {Reflect rPois rF+ Str+9 Dex-5 SH+4}
HPRegen  0.00/turn              V - ring of Doors {rC+ MR+ MP-9 Int+7 Stlth+}
MPRegen  0.19/turn              I - ring "Lini" {AC+4 Str+4 Stlth+}

@: very slightly contaminated
A: change form in water, swift swim, stealthy swim, molten scales 1, yellow
scales 1, agile 1, deformed body, inhibited regeneration, MP-powered wands
0: Orb of Zot
}: 3/15 runes: barnacled, silver, gossamer
a: Berserk, Trog's Hand, Brothers in Arms, Renounce Religion


You escaped.
You worshipped Trog.
Trog was greatly pleased with you.
You were very hungry.

You visited 9 branches of the dungeon, and saw 49 of its levels.
You visited 1 bazaar.
You also visited: Ice Cave.

You collected 7958 gold pieces.
You spent 5056 gold pieces at shops.

Inventory:

Hand Weapons
 a - a +9 bardiche of holy wrath (weapon)
   (You took it off a vault warden on level 4 of the Vaults)
 b - the +4 glaive of Truth {chop, Str-2 Int+4 Dex+2 SInv}
   (Trog gifted it to you on level 4 of the Spider Nest)

   It inflicts extra damage upon your enemies.
   It affects your strength (-2).
   It affects your intelligence (+4).
   It affects your dexterity (+2).
   It lets you see invisible.
Missiles
 u - 14 throwing nets {=f, !d}
Armour
 z - the +4 helmet "Omaunuil" (worn) {Regen+ Str+3 Stlth-}
   (You found it on level 12 of the Dungeon)

   It affects your strength (+3).
   It increases your rate of regeneration.
   It makes you less stealthy.
 B - the +8 ice dragon scales of the Invisible Hand (worn) {rPois rF- rC++ rN+ rCorr}
   (You took it off a vault warden on level 5 of the Vaults)

   It makes you vulnerable to fire.
   It greatly protects you from cold.
   It protects you from poison.
   It protects you from negative energy.
   It protects you from acid and corrosion.
 H - the +1 pair of boots "Vesoycai" (worn) {*Drain rF+++ rCorr Str+2}
   (You found it on level 9 of the Dungeon)

   It affects your strength (+2).
   It renders you almost immune to fire.
   It protects you from acid and corrosion.
   It causes draining when unequipped.
 T - a scarf of cloud immunity (worn)
   (You bought it in a shop on level 2 of the Orcish Mines)
 U - a +2 pair of gloves of dexterity (worn)
   (You bought it in a shop on level 2 of the Orcish Mines)
Jewellery
 l - the amulet of the Salamander (around neck) {Reflect rPois rF+ Str+9 Dex-5 SH+4}
   (You bought it in a shop in a bazaar)

   [amulet of reflection]

   It shields you and reflects attacks.
   It affects your strength (+9).
   It affects your dexterity (-5).
   It protects you from fire.
   It protects you from poison.
   It affects your SH (+4).
 I - the ring "Lini" (right hand) {AC+4 Str+4 Stlth+}
   (You found it on level 3 of the Elven Halls)

   [ring of protection]

   It affects your AC (+4).
   It affects your strength (+4).
   It makes you more stealthy.
 V - the ring of Doors (left hand) {rC+ MR+ MP-9 Int+7 Stlth+}
   (You took it off a merfolk on level 4 of the Shoals)

   [ring of protection from magic]

   It affects your intelligence (+7).
   It protects you from cold.
   It affects your resistance to hostile enchantments.
   It affects your magic capacity (-9).
   It makes you more stealthy.
Wands
 o - a wand of iceblast (65)
   (You found it on level 7 of the Dungeon)
 y - a wand of scattershot (2)
   (You found it on level 5 of the Dungeon)
 C - a wand of clouds (10)
   (You found it on level 8 of the Dungeon)
 D - a wand of digging (95)
   (You found it on level 8 of the Dungeon)
 G - a wand of acid (18)
   (You found it on level 9 of the Dungeon)
Scrolls
 n - 31 scrolls of remove curse
 p - 2 scrolls of fear
 r - 15 scrolls of teleportation
 w - 20 scrolls of identify
 A - a scroll of blinking {!r}
 E - 5 scrolls of fog
 F - a scroll of enchant weapon
 Q - 8 scrolls of magic mapping {!r}
Potions
 d - 3 potions of cancellation
 e - 30 potions of curing
 f - 3 potions of resistance
 h - 3 potions of ambrosia
 j - 6 potions of flight
 k - 4 potions of heal wounds
 m - 6 potions of agility
 s - 4 potions of might
 v - 12 potions of lignification {!q}
 N - 3 potions of invisibility
 P - 8 potions of mutation {!q}
Miscellaneous
 i - a lightning rod (4/4)
   (You found it on level 3 of the Elven Halls)
 q - a lamp of fire
   (You found it on level 3 of the Lair of Beasts)
 x - a box of beasts
 J - a crystal ball of energy
   (You found it on level 3 of the Elven Halls)
 K - a phial of floods
   (You found it on level 14 of the Dungeon)
 L - 2 phantom mirrors
 R - a fan of gales
   (You found it on level 2 of the Depths)
 X - a sack of spiders
Comestibles
 c - 68 rations


   Skills:
 + Level 26.6 Fighting
 O Level 27 Polearms
 + Level 19.8 Armour
 O Level 27 Dodging
 - Level 15.0 Evocations


You had 26 spell levels left.
You didn't know any spells.
Your spell library contained the following spells:

 Spells                   Type           Power        Failure   Level  Hunger
 Cause Fear               Hex            #.........   98%         4    #####..
 Magic Dart               Conj           #...         36%         1    ##.....
 Fireball                 Conj/Fire      #.........   100%        5    ######.
 Apportation              Tloc           #.....       36%         1    ##.....
 Conjure Flame            Conj/Fire      #.......     75%         3    ####...
 Bolt of Fire             Conj/Fire      #.........   100%        6    #######
 Bolt of Cold             Conj/Ice       #.........   100%        6    #######
 Lightning Bolt           Conj/Air       #.........   100%        5    ######.
 Bolt of Magma            Conj/Fire/Erth #.........   100%        5    ######.
 Slow                     Hex            #.......     52%         2    ###....
 Invisibility             Hex            #.......     100%        6    #######
 Throw Frost              Conj/Ice       #.....       52%         2    ###....
 Freezing Cloud           Conj/Ice/Air   #.........   100%        6    #######
 Mephitic Cloud           Conj/Pois/Air  #.......     75%         3    ####...
 Ring of Flames           Chrm/Fire      #.........   100%        7    #######
 Venom Bolt               Conj/Pois      #.........   100%        5    ######.
 Summon Small Mammal      Summ           #...         36%         1    ##.....
 Lehudib's Crystal Spear  Conj/Erth      #.........   100%        8    #######
 Fire Storm               Conj/Fire      #.........   100%        9    #######
 Blink                    Tloc           N/A          52%         2    ###....
 Iskenderun's Mystic Bla  Conj           #.......     98%         4    #####..
 Summon Horrible Things   Summ           #.........   100%        8    #######
 Animate Dead             Necr           N/A          98%         4    #####..
 Pain                     Necr           #...         36%         1    ##.....
 Animate Skeleton         Necr           N/A          36%         1    ##.....
 Vampiric Draining        Necr           #.........   75%         3    ####...
 Freeze                   Ice            #...         36%         1    ##.....
 Ozocubu's Refrigeration  Ice            #.........   100%        6    #######
 Summon Ice Beast         Ice/Summ       #.......     98%         4    #####..
 Ozocubu's Armour         Chrm/Ice       #.......     75%         3    ####...
 Call Imp                 Summ           #.......     52%         2    ###....
 Poison Arrow             Conj/Pois      #.........   100%        6    #######
 Regeneration             Chrm/Necr      #.........   75%         3    ####...
 Tukima's Dance           Hex            #.......     75%         3    ####...
 Summon Greater Demon     Summ           #.........   100%        7    #######
 Iron Shot                Conj/Erth      #.........   100%        6    #######
 Shock                    Conj/Air       #...         36%         1    ##.....
 Swiftness                Chrm/Air       #.......     52%         2    ###....
 Spider Form              Tmut/Pois      #.........   75%         3    ####...
 Blade Hands              Tmut           #.........   100%        5    ######.
 Statue Form              Tmut/Erth      #........    100%        6    #######
 Ice Form                 Ice/Tmut       #.......     98%         4    #####..
 Dragon Form              Tmut           #.........   100%        7    #######
 Deflect Missiles         Chrm/Air       #.........   100%        6    #######
 Throw Icicle             Conj/Ice       #.......     98%         4    #####..
 Glaciate                 Conj/Ice       #.........   100%        9    #######
 Airstrike                Air            #.........   98%         4    #####..
 Shadow Creatures         Summ           N/A          100%        6    #######
 Flame Tongue             Conj/Fire      #....        36%         1    ##.....
 Passwall                 Tmut/Erth      #.......     52%         2    ###....
 Ignite Poison            Fire/Tmut/Pois #.......     75%         3    ####...
 Sticks to Snakes         Tmut           #.......     52%         2    ###....
 Call Canine Familiar     Summ           #.......     75%         3    ####...
 Ensorcelled Hibernation  Hex/Ice        #.....       52%         2    ###....
 Metabolic Englaciation   Hex/Ice        #.........   100%        5    ######.
 Summon Butterflies       Summ           #.......     36%         1    ##.....
 Silence                  Hex/Air        #.........   100%        5    ######.
 Shatter                  Erth           #.........   100%        9    #######
 Static Discharge         Conj/Air       #.......     75%         3    ####...
 Alistair's Intoxication  Tmut/Pois      #.......     100%        5    ######.
 Lee's Rapid Deconstruct  Erth           #.........   100%        5    ######.
 Simulacrum               Ice/Necr       #.........   100%        6    #######
 Conjure Ball Lightning   Conj/Air       #.........   100%        6    #######
 Chain Lightning          Conj/Air       #.........   100%        8    #######
 Monstrous Menagerie      Summ           #.........   100%        7    #######
 Passage of Golubria      Tloc           N/A          98%         4    #####..
 Orb of Destruction       Conj           #.........   100%        7    #######
 Malign Gateway           Summ/Tloc      #.........   100%        7    #######
 Tornado                  Air            #.........   100%        9    #######
 Leda's Liquefaction      Hex/Erth       #.........   98%         4    #####..
 Summon Hydra             Summ           #.........   100%        7    #######
 Darkness                 Hex            #.........   100%        6    #######
 Shroud of Golubria       Chrm/Tloc      #.........   52%         2    ###....
 Beastly Appendage        Tmut           #.....       36%         1    ##.....
 Iskenderun's Battlesphe  Conj/Chrm      #.......     100%        5    ######.
 Fulminant Prism          Conj/Hex       #.........   98%         4    #####..
 Dazzling Spray           Conj/Hex       #.....       75%         3    ####...
 Force Lance              Conj/Tloc      #.......     98%         4    #####..
 Infusion                 Chrm           #...         36%         1    ##.....
 Song of Slaying          Chrm           #.......     52%         2    ###....
 Spectral Weapon          Hex/Chrm       #.......     75%         3    ####...
 Searing Ray              Conj           #.....       52%         2    ###....
 Discord                  Hex            #.........   100%        8    #######
 Summon Lightning Spire   Summ/Air       #.......     98%         4    #####..
 Summon Guardian Golem    Hex/Summ       #.......     75%         3    ####...
 Dragon's Call            Summ           #.........   100%        9    #######
 Spellforged Servitor     Conj/Summ      #.........   100%        7    #######
 Summon Mana Viper        Hex/Summ       #.......     100%        5    ######.
 Irradiate                Conj/Tmut      #.........   100%        5    ######.
 Yara's Violent Unravell  Hex/Tmut       #.........   100%        5    ######.
 Lesser Beckoning         Tloc           #.........   75%         3    ####...
 Ignition                 Fire           #.........   100%        8    #######
 Borgnjor's Vile Clutch   Necr/Erth      #.........   100%        5    ######.


Dungeon Overview and Level Annotations

Branches:
Dungeon (15/15)            Temple (0/1) D:5            Lair (6/6) D:10
 Shoals (4/4) Lair:3       Spider (4/4) Lair:3        Slime (0/5) Lair:5
    Orc (2/2) D:9             Elf (3/3) Orc:2        Vaults (5/5) D:14
  Crypt (0/3) Vaults:3     Depths (5/5) D:15            Zot (5/5) Depths:5

Altars:
Ashenzari
Cheibriados
Dithmenos
Elyvilon
Fedhas
Gozag
Hepliaklqana
Makhleb
Okawaru
Qazlal
Ru
Sif Muna
Vehumet
Wu Jian
Yredelemnul
Zin
The Shining One
Beogh

Shops:
D:6 (   D:10 [   Orc:2 ([([%   Elf:1 [   Elf:2 [   Vaults:5 }?!!   Zot:3 *
Depths:2 %

Portals:
Hell: Depths:1 Depths:2 Depths:3 Depths:4 Depths:5
Abyss: Depths:1 Depths:2 Depths:3 Depths:4 Depths:5
Pandemonium: Depths:2 Depths:3
Ziggurat: Depths:2
Trove: Vaults:3 (give 14 potions of heal wounds)

Annotations:
D:3 2 transporters, Paulus's ghost, amateur OpTm
D:15 1 runed door, exclusion: Roxanne, Roxanne
Lair:2 exclusion: 2 oklob plants
Lair:6 exclusion: oklob plant
Elf:2 5 runed doors


Innate Abilities, Weirdness & Mutations

You revert to your normal form in water.
You are very nimble and swift while swimming.
You are very stealthy in the water. (Stealth+)
You are partially covered in molten scales. (AC +2)
You are partially covered in yellow scales. (AC +2)
You are agile. (Dex +2)
Armour fits poorly on your strangely shaped body.
You do not regenerate when monsters are visible.
You expend magic power (3 MP) to strengthen your wands.


Message History

(V) Vaults (C) Crypt (U) Depths (H) Hell (Z) Zot
Where to? (Enter - D:3 @ (x,y), ? - help)
What level of the Dungeon? (default 1, ? - help)
You flicker for a moment.
You flicker back into view.
An Orb Guardian comes into view.
A rust devil comes into view.
You slice the Orb Guardian like a ripe choko!!!
The Orb Guardian is heavily wounded.
You start to feel less resistant.
The Orb Guardian barely misses you.
You chop the Orb Guardian into pieces!!!!
You kill the Orb Guardian!
Trog accepts your kill. The rust devil completely misses you.
You slice the rust devil!!
The rust devil convulses!!
The rust devil is almost dead.
The rust devil completely misses you.
You slice the rust devil!!
You kill the rust devil!
Trog accepts your kill.
(D) Dungeon (T) Temple (L) Lair (A) Shoals (N) Spider Nest (M) Slime Pits (O) Orcish Mines (E) Elven Halls (V) Vaults (C) Crypt (U) Depths (H) Hell (Z) Zot
Where to? (Enter - D:1 @ (x,y), ? - help)
What level of the Dungeon? (default 1, ? - help)
You hear a grinding noise.
Your resistance to elements expires.
You hear a grinding noise.
You hear a grinding noise.
A cacodemon comes into view.
The cacodemon shouts!
A sixfirhy comes into view. x2
The cacodemon gestures at you.
Strange energies course through your body.
Your body twists and deforms.
The sixfirhy completely misses you.
The sixfirhy moves out of view.
You barely miss the sixfirhy. The sixfirhy completely misses you.
The cacodemon gestures at the rock wall.
Some rock shatters into small pieces.
The sixfirhy closely misses you.
The sixfirhy hits you but does no damage.
You block the sixfirhy's attack. The sixfirhy misses you. x2
You hear a chilling moan.
You hear a grinding noise.
Something hits you but does no damage.
Deactivating autopickup; reactivate with Ctrl-A.
You chop something into pieces!!! Trog accepts your kill.
Reactivating autopickup.
You feel a bit more experienced. The sixfirhy completely misses you.
You feel a little less agile now. The sixfirhy closely misses you.
The sixfirhy completely misses you. The sixfirhy closely misses you.
The sixfirhy completely misses you. The sixfirhy closely misses you.
The sixfirhy completely misses you. You block the sixfirhy's attack.
The sixfirhy completely misses you. The sixfirhy closely misses you.
The sixfirhy hits you but does no damage. x2
The sixfirhy completely misses you.
The sixfirhy hits you but does no damage.
The sixfirhy misses you. The sixfirhy misses you.
You block the sixfirhy's attack. The sixfirhy completely misses you.
The sixfirhy misses you.
A green death comes into view.
The sixfirhy misses you. The sixfirhy misses you.
The sixfirhy completely misses you. The sixfirhy misses you.
You block the sixfirhy's attack. The green death completely misses you.
The sixfirhy closely misses you. The sixfirhy completely misses you.
The green death completely misses you. The sixfirhy misses you.
The green death gestures at you. The bolt of poison misses you.
The sixfirhy completely misses you. You block the sixfirhy's attack.
The sixfirhy hits you but does no damage.
The sixfirhy hits you but does no damage.
An Executioner comes into view.
The sixfirhy closely misses you. The sixfirhy completely misses you.
The Executioner moves out of view.
Some rock shatters into small pieces.
The sixfirhy closely misses you. The sixfirhy barely misses you.
The sixfirhy completely misses you. You block the sixfirhy's attack.
The sixfirhy misses you. The sixfirhy closely misses you.
You block the sixfirhy's attack. The sixfirhy barely misses you.
The sixfirhy completely misses you.
The sixfirhy hits you but does no damage.
You block the sixfirhy's attack.
The sixfirhy hits you but does no damage.
The sixfirhy completely misses you. x2
The sixfirhy completely misses you. x2; The sixfirhy misses you.
The sixfirhy barely misses you. The sixfirhy completely misses you.
The sixfirhy misses you. The sixfirhy closely misses you.
The sixfirhy hits you but does no damage.
There is a staircase leading out of the dungeon here.
You block the sixfirhy's attack. The sixfirhy misses you.
The sixfirhy hits you but does no damage. x2
You have escaped!

#............
#............
#............
#............
#########...........
#≈≈≈≈≈≈≈≈...........
####≈≈≈≈≈≈≈........#
####.......≈≈≈≈..≈≈≈≈≈#
##≈≈...@3.2....≈≈≈≈≈≈≈≈.
#≈≈≈≈...3..2....≈≈≈≈...#
#≈≈≈≈≈≈.................
#≈≈≈≈≈≈≈≈≈≈≈≈≈≈≈........
#.≈≈≈≈≈≈≈≈≈≈≈≈≈≈≈≈......
#.(....≈≈≈≈≈≈≈≈≈≈≈≈≈≈≈.#
#.(............≈≈≈≈≈≈≈≈#
#>.........[.........≈≈#
########################


You could see a cacodemon, a green death and 2 sixfirhies.

Vanquished Creatures
  8 orbs of fire
  4 ancient liches (Zot:5)
  2 juggernauts
  A pandemonium lord (D:2)
  Sojobo (Vaults:3)
  Boris (Depths:4)
  Saint Roka (Vaults:3)
  Frederick (Depths:4)
  Bai Suzhen (Spider:3)
  4 Killer Klowns (Zot:5)
  11 golden dragons
  A golden dragon (shapeshifter) (Vaults:4)
  Jory (Vaults:4)
  A bone dragon (Depths:3)
  4 electric golems
  A hellephant (Depths:4)
  8 liches
  18 tentacled monstrosities
  Jorgrun (Vaults:2)
  Rupert (Orc:2)
  27 Orb Guardians
  7 quicksilver dragons
  7 titans
  5 deep elf master archers (Elf:3)
  3 deep elf blademasters (Elf:3)
  Polyphemus (Shoals:4)
  2 krakens (Shoals:4)
  Agnes (Spider:1)
  Kirke (D:13)
  5 sphinxes
  9 shadow dragons
  5 draconian monks
  7 storm dragons
  Donald (Shoals:1)
  8 tengu reavers
  9 death cobs
  10 vault wardens
  6 deep elf sorcerers
  2 draconian knights
  5 draconian scorchers
  11 frost giants
  5 ghost moths
  4 emperor scorpions (Spider:4)
  6 fire giants
  3 iron dragons (Vaults:5)
  3 draconian shifters
  A cacodemon (Depths:2)
  Louise (Shoals:2)
  2 orc warlords
  2 juggernaut zombies (Depths:3)
  2 balrugs
  13 ironheart preservers
  4 draconian stormcallers
  Aizul (Vaults:1)
  5 deep elf elementalists (Elf:3)
  7 draconian annihilators
  2 war gargoyles
  22 very ugly things
  A juggernaut skeleton (Depths:1)
  A spriggan defender (Depths:4)
  7 deep elf demonologists
  5 entropy weavers
  5 green draconians
  17 stone giants
  9 deep elf annihilators
  17 dire elephants
  7 white draconians
  9 black draconians
  5 spark wasps
  A minotaur (shapeshifter) (Vaults:3)
  A lorocyproca (D:1)
  8 red draconians
  5 purple draconians
  5 yellow draconians
  Azrael (D:15)
  5 merfolk javelineers
  11 ettins
  8 merfolk impalers
  A blizzard demon (Depths:3)
  7 deep elf death magi
  Josephine (D:15)
  8 fire dragons
  23 yaktaur captains
  7 deep elf high priests
  Erolcha (D:13)
  10 great orbs of eyes
  2 rakshasas
  6 ice dragons
  27 vault guards
  5 merfolk aquamancers
  7 merfolk avatars
  Erica (D:9)
  2 hydras (Lair:6)
  13 centaur warriors
  5 spriggan air magi
  2 catoblepae
  A satyr (shapeshifter) (Vaults:5)
  34 two-headed ogres
  5 death knights
  A queen ant (shapeshifter) (Vaults:1)
  12 ogre magi
  4 death scarabs (Spider:4)
  2 deep troll shamans
  A small abomination (Elf:2)
  15 death yaks
  7 deep troll earth magi
  15 tengu warriors
  15 dancing weapons
  14 spriggan berserkers
  3 spriggans
  4 orc high priests
  3 soul eaters (Depths:3)
  5 sun demons
  11 deep elf knights
  13 skeletal warriors
  Sonja (Lair:2)
  2 sixfirhies (Depths:2)
  A fire crab (shapeshifter) (Depths:3)
  4 unseen horrors
  12 sea snakes
  14 deep trolls
  3 flayed ghosts
  2 quicksilver dragon simulacra (Depths:3)
  8 wizards
  2 lindwurms
  16 deep elf archers
  3 phantasmal warriors
  9 glowing orange brains
  18 orc knights
  4 necromancers
  12 ironbrand convokers
  21 wolf spiders
  3 spectral wolf spiders (Spider:4)
  79 deep elf magi
  12 orb spiders
  6 orc sorcerers
  6 harpies
  A cyclops (shapeshifter) (Elf:1)
  11 fauns
  36 ugly things
  A salamander (Depths:2)
  28 slime creatures
  A sphinx skeleton (Depths:3)
  16 manticores
  6 elephants
  10 rust devils
  29 moths of wrath
  21 cyclopes
  2 centaur zombies
  5 black mambas
  3 merfolk sirens
  A toenail golem (Depths:5)
  8 vault sentinels
  A guardian serpent (shapeshifter) (Vaults:5)
  2 ice statues
  5 centaur skeletons
  2 torpor snails
  6 water nymphs
  14 spiny frogs
  A spiny frog (shapeshifter) (Vaults:1)
  3 gargoyles
  A rime drake (Lair:6)
  A rime drake (shapeshifter) (Depths:1)
  An orc skeleton (Vaults:1)
  2 spectral redbacks (Spider:4)
  6 freezing wraiths
  5 komodo dragons
  A kobold demonologist (D:13)
  2 efreet
  A yaktaur (shapeshifter) (Vaults:2)
  5 demonic crawlers
  5 ice devils
  3 redback zombies
  5 red devils (Depths:3)
  31 yaktaurs
  2 human skeletons
  A yaktaur skeleton (Vaults:4)
  9 trolls
  6 tengu conjurers
  28 jumping spiders
  13 polar bears
  A meliai (shapeshifter) (Depths:5)
  32 merfolk
  A tengu simulacrum (Vaults:1)
  13 hornets
  7 wind drakes
  A meliai (D:8)
  A polar bear (shapeshifter) (Vaults:1)
  A sphinx simulacrum (Depths:3)
  4 spectral jumping spiders (Spider:4)
  5 spectral tarantellas (Spider:4)
  2 jumping spider zombies (Spider:4)
  Grinder (D:3)
  16 dream sheep
  A hornet (shapeshifter) (Vaults:3)
  4 blink frogs (Lair:6)
  18 snapping turtles
  23 hippogriffs
  3 tarantella zombies (Spider:4)
  3 flying skulls (Depths:3)
  A stone giant simulacrum (Vaults:1)
  48 redbacks
  9 water elementals
  A spriggan skeleton (Depths:1)
  40 yaks
  A tarantella (shapeshifter) (Depths:5)
  A vampire (D:13)
  12 wraiths
  10 wyverns
  An air elemental (Elf:2)
  18 tarantellas
  Sigmund (D:2)
  3 shadows
  3 basilisks
  4 hungry ghosts
  2 golden eyes (shapeshifter)
  3 hogs (D:13)
  A deep troll skeleton (Depths:1)
  A steam dragon (D:11)
  11 fire elementals
  2 human simulacra
  A neqoxec (Depths:2)
  Menkaure (D:4)
  A yaktaur simulacrum (Vaults:4)
  A swamp worm (shapeshifter) (Vaults:5)
  19 water moccasins
  3 acid dragons
  A spectral hornet (Spider:4)
  An ogre skeleton (Vaults:1)
  3 wargs
  15 porcupines
  4 hell hounds
  A floating eye (shapeshifter) (Vaults:5)
  A floating eye (Depths:4)
  2 hornet zombies
  3 black bears
  An eye of draining (shapeshifter) (Depths:2)
  2 ice beasts
  3 ettin simulacra (Depths:3)
  An eye of draining (D:11)
  43 orc warriors
  A necrophage (D:8)
  2 phantoms
  5 sky beasts
  33 wolves
  7 boggarts
  A wolf (shapeshifter) (Vaults:5)
  18 centaurs
  42 ogres
  16 crocodiles
  8 big kobolds
  20 bullfrogs
  A gnoll sergeant (D:12)
  A wyvern zombie (D:13)
  6 earth elementals
  8 killer bees
  4 scorpions
  4 wights
  4 howler monkeys
  10 jellies
  6 crimson imps
  2 bullfrog zombies
  A quasit (D:5)
  6 hounds
  35 orc priests
  A gnoll shaman (D:6)
  8 bullfrog skeletons
  Ijyb (D:3)
  6 iguanas
  28 orc wizards
  9 worker ants
  A killer bee zombie (D:10)
  A hound skeleton (D:7)
  A worker ant zombie (D:5)
  Robin (D:3)
  A howler monkey skeleton (D:4)
  13 gnolls
  8 adders
  8 oozes
  An adder skeleton (D:4)
  An adder zombie (D:6)
  2 worms
  A dart slug (D:3)
  5 leopard geckos
  144 orcs
  5 bats
  4 giant cockroaches
  10 hobgoblins
  9 jackals
  30 kobolds
  2 quokkas
  2 ball pythons
  4 frilled lizards
  8 goblins
  A jackal skeleton (D:4)
  A kobold (shapeshifter) (Vaults:5)
  6 rats
  A butterfly (Lair:2)
  A fire vortex (Lair:4)
  4 plants
  3 tentacles (Shoals:4)
2276 creatures vanquished.

Vanquished Creatures (collateral kills)
  A juggernaut (Depths:1)
  A tentacled monstrosity (Depths:3)
  Ilsuiw (Shoals:4)
  A draconian knight (Zot:3)
  A fire giant (Depths:1)
  A frost giant (Depths:1)
  2 stone giants
  A vampire knight (Depths:3)
  A spark wasp (Depths:4)
  An ettin (Depths:1)
  A merfolk impaler (Shoals:4)
  2 fire dragons
  A yaktaur captain (Depths:1)
  An ice dragon (Depths:1)
  A hydra (Lair:6)
  A deep troll shaman (Depths:1)
  4 death scarabs (Spider:4)
  2 deep troll earth magi (Depths:1)
  A tengu warrior (Depths:1)
  2 orc high priests (Orc:2)
  A skeletal warrior (Depths:3)
  A sea snake (Shoals:1)
  2 ugly things (Depths:1)
  A wolf spider zombie (Spider:4)
  A rust devil (Depths:3)
  A rime drake (Lair:6)
  A demonic crawler (Spider:1)
  A tengu conjurer (Depths:1)
  A jumping spider (Spider:1)
  2 spectral jumping spiders (Spider:4)
  A snapping turtle (Shoals:1)
  A floating eye (shapeshifter) (Depths:1)
  3 orc warriors (D:9)
  An orc wizard (Orc:2)
  3 orc priests (D:9)
  A worker ant (D:9)
  A shadow imp (D:9)
  5 orcs (D:9)
55 creatures vanquished.

Vanquished Creatures (others)
  A vault guard (Vaults:5)
  A deep elf knight (Vaults:2)
  2 deep elf magi (Elf:2)
  A yaktaur (Vaults:3)
  A polar bear (IceCv)
  A centaur (Vaults:3)
  4 wolves (IceCv)
  An orc wizard (D:15)
  A quokka (D:3)
  71 fungi
  61 plants
  7 tentacles (Shoals:4)
  9 toadstools (D:6)
161 creatures vanquished.

Grand Total: 2492 creatures vanquished

Notes
Turn   | Place    | Note
-------+----------+-------------------------------------------
     0 | D:1      | Mgcat the Merfolk Berserker began the quest for the Orb.
     0 | D:1      | Reached XP level 1. HP: 18/18 MP: 1/1
    71 | D:1      | Upgraded the game from 0.22-a0-456-g11ed031 to 0.22-a0-458-gb446440
   104 | D:1      | Reached skill level 5 in Polearms
   127 | D:1      | Reached XP level 2. HP: 14/24 MP: 2/2
   757 | D:2      | Reached skill level 6 in Polearms
   757 | D:2      | Reached XP level 3. HP: 29/29 MP: 3/3
  1000 | D:2      | Reached skill level 7 in Polearms
  1000 | D:2      | Reached XP level 4. HP: 35/35 MP: 4/4
  1139 | D:2      | Noticed Sigmund
  1149 | D:2      | Killed Sigmund
  1149 | D:2      | Reached ** piety under Trog
  1149 | D:2      | Reached skill level 9 in Polearms
  1149 | D:2      | Reached XP level 5. HP: 41/41 MP: 5/5
  1149 | D:2      | Reached XP level 6. HP: 47/47 MP: 6/6
  1705 | D:3      | Noticed Ijyb
  1716 | D:3      | Killed Ijyb
  1716 | D:3      | Reached skill level 10 in Polearms
  1717 | D:3      | Found a white marble altar of Elyvilon.
  1817 | D:3      | Found a blossoming altar of Fedhas.
  1830 | D:3      | Noticed Robin
  1880 | D:3      | Killed Robin
  1906 | D:3      | Noticed an eye of draining
  1907 | D:3      | Found a transporter.
  1907 | D:3      | Found a shadowy altar of Dithmenos.
  1908 | D:3      | Noticed Paulus's ghost (amateur OpTm)
  1915 | D:3      | Found a transporter.
  2369 | D:3      | Found a hazy altar of Hepliaklqana.
  2443 | D:3      | Found a glowing silver altar of Zin.
  2443 | D:3      | Noticed an angel
  2489 | D:3      | Noticed Grinder
  2501 | D:3      | Killed Grinder
  2501 | D:3      | Reached skill level 11 in Polearms
  2501 | D:3      | Reached XP level 7. HP: 47/52 MP: 7/7
  2826 | D:4      | Reached *** piety under Trog
  3114 | D:4      | Reached skill level 12 in Polearms
  3389 | D:4      | Noticed Menkaure
  3394 | D:4      | Killed Menkaure
  3394 | D:4      | Reached skill level 13 in Polearms
  3394 | D:4      | Reached XP level 8. HP: 58/58 MP: 8/8
  3488 | D:4      | Found a snail-covered altar of Cheibriados.
  3738 | D:4      | Reached skill level 14 in Polearms
  3951 | D:5      | Entered Level 5 of the Dungeon
  4101 | D:5      | Noticed a wyvern
  4105 | D:5      | Killed a wyvern
  4105 | D:5      | Reached skill level 5 in Fighting
  4284 | D:5      | Reached skill level 2 in Armour
  4340 | D:5      | Found an iron altar of Okawaru.
  4502 | D:5      | Found a staircase to the Ecumenical Temple.
  4631 | D:5      | Reached skill level 3 in Armour
  4631 | D:5      | Reached XP level 9. HP: 68/68 MP: 9/9
  4723 | D:5      | Reached **** piety under Trog
  4723 | D:5      | Reached skill level 4 in Armour
  4923 | D:6      | Found Vaobb's Antique Weapon Shop.
  5051 | D:6      | Reached skill level 5 in Armour
  5059 | D:6      | Reached skill level 3 in Dodging
  5243 | D:6      | Found a burning altar of Makhleb.
  5297 | D:6      | Reached skill level 4 in Dodging
  5424 | D:6      | Found an opulent altar of Gozag.
  5510 | D:6      | Reached skill level 5 in Dodging
  5595 | D:6      | Reached ***** piety under Trog
  5613 | D:6      | Killed a large slime creature
  5613 | D:6      | Reached skill level 15 in Polearms
  5618 | D:6      | Reached XP level 10. HP: 74/74 MP: 10/10
  5858 | D:6      | Got a fine ring mail
  5918 | D:6      | Identified the +3 ring mail of the Harvest Moon {Dex+7 Slay-6} (You found it on level 6 of the Dungeon)
  5964 | D:7      | Found a sacrificial altar of Ru.
  6196 | D:7      | Reached skill level 16 in Polearms
  6374 | D:7      | Found a sacrificial altar of Ru.
  6437 | D:7      | Found a basalt altar of Yredelemnul.
  6685 | D:8      | Found an ornate altar of the Wu Jian Council.
  6752 | D:8      | Noticed a two-headed ogre
  6768 | D:8      | Killed a two-headed ogre
  6768 | D:8      | Reached skill level 17 in Polearms
  6831 | D:8      | Got a jade-studded scale mail
  6842 | D:8      | Identified the +6 scale mail "Dixtid" {*Contam rPois MR+ Stlth+} (You found it on level 8 of the Dungeon)
  7068 | D:8      | Found a sacrificial altar of Ru.
  7070 | D:8      | Found a shattered altar of Ashenzari.
  7292 | D:9      | Reached skill level 18 in Polearms
  7331 | D:9      | Noticed a two-headed ogre
  7341 | D:9      | Killed a two-headed ogre
  7359 | D:9      | Reached XP level 11. HP: 51/78 MP: 11/11
  7461 | D:9      | Received a gift from Trog
  7484 | D:9      | Reached skill level 19 in Polearms
  7551 | D:9      | HP: 16/78 [orc warrior/glaive (13)]
  7874 | D:6      | Bought a bardiche for 252 gold pieces
  8159 | D:9      | Found a roughly hewn altar of Beogh.
  8159 | D:9      | Found a staircase to the Orcish Mines.
  8176 | D:9      | Noticed Erica
  8187 | D:9      | Killed Erica
  8217 | D:9      | Noticed a two-headed ogre
  8226 | D:9      | Killed a two-headed ogre
  8226 | D:9      | Reached skill level 20 in Polearms
  8307 | D:9      | Found a radiant altar of Vehumet.
  8513 | D:9      | Found a stormy altar of Qazlal.
  8602 | D:9      | Reached skill level 6 in Fighting
  8714 | D:9      | Got a pair of pitted boots
  8720 | D:9      | Identified the +1 pair of boots "Vesoycai" {*Drain rF+++ rCorr Str+2} (You found it on level 9 of the Dungeon)
  9013 | D:10     | Entered Level 10 of the Dungeon
  9070 | D:10     | Found a staircase to the Lair.
  9079 | D:10     | Reached skill level 7 in Fighting
  9200 | D:10     | Reached skill level 8 in Fighting
  9274 | D:10     | Noticed a two-headed ogre
  9284 | D:10     | Killed a two-headed ogre
  9345 | D:10     | Reached skill level 9 in Fighting
  9370 | D:10     | Reached XP level 12. HP: 87/95 MP: 4/12
  9371 | D:10     | Found Gesytag's Armour Shoppe.
  9389 | D:10     | Bought a +1 pair of gloves for 195 gold pieces
  9909 | D:11     | Reached skill level 10 in Fighting
 10198 | D:11     | Noticed a two-headed ogre
 10219 | D:11     | Reached skill level 6 in Dodging
 10225 | D:11     | Killed a two-headed ogre
 10642 | Lair:1   | Entered Level 1 of the Lair of Beasts
 10696 | Lair:1   | Got a shimmering hat
 10721 | Lair:1   | Identified the +0 hat "Voaxzalo" {Regen+} (You found it on level 1 of the Lair of Beasts)
 10815 | Lair:1   | Got an ivory great mace
 10816 | Lair:1   | Identified the cursed +0 great mace "Mud Pie of Death" {crush, MR+ Dex+4} (You found it on level 1 of the Lair of Beasts)
 10916 | Lair:1   | Reached skill level 7 in Dodging
 11019 | Lair:1   | Got a jewelled ring mail
 11020 | Lair:1   | Identified the +2 ring mail "Zeridin" {MP+9 Int+5} (You found it on level 1 of the Lair of Beasts)
 11074 | Lair:1   | Reached skill level 6 in Armour
 11413 | Lair:1   | Reached skill level 11 in Fighting
 11543 | Lair:1   | Reached skill level 8 in Dodging
 11830 | Lair:2   | Reached XP level 13. HP: 106/106 MP: 4/13
 11833 | Lair:2   | Received a gift from Trog
 11848 | Lair:2   | Reached skill level 21 in Polearms
 11936 | Lair:2   | Noticed Sonja
 11956 | Lair:2   | Killed Sonja
 12164 | Lair:2   | Reached skill level 1 in Evocations
 12324 | Lair:2   | Reached skill level 2 in Evocations
 12698 | Lair:3   | Reached skill level 3 in Evocations
 12722 | Lair:3   | Found a staircase to the Shoals.
 12738 | Lair:3   | Reached skill level 4 in Evocations
 13001 | Lair:3   | Reached skill level 5 in Evocations
 13229 | Lair:3   | Found a hole to the Spider Nest.
 13339 | Lair:4   | Reached skill level 6 in Evocations
 13361 | Lair:4   | Reached skill level 7 in Evocations
 13551 | Lair:4   | Reached skill level 8 in Evocations
 14180 | Lair:5   | Received a gift from Trog
 14350 | Lair:5   | Found a staircase to the Slime Pits.
 14367 | Lair:5   | Reached skill level 9 in Evocations
 14449 | Lair:5   | Got a pitted flail
 14450 | Lair:5   | Identified the +2 flail "Vepsynuh" {crush, rC+ MR+} (You found it on level 5 of the Lair of Beasts)
 14649 | Lair:5   | Reached XP level 14. HP: 104/113 MP: 7/21
 14990 | Lair:6   | Entered Level 6 of the Lair of Beasts
 15049 | Lair:6   | Found a frozen archway.
 15053 | Lair:6   | Reached skill level 10 in Evocations
 15069 | IceCv    | Entered an ice cave
 15388 | IceCv    | Reached skill level 11 in Evocations
 15627 | IceCv    | Noticed a frost giant
 15652 | IceCv    | Killed a frost giant
 15665 | IceCv    | Reached skill level 12 in Evocations
 15672 | IceCv    | Reached ****** piety under Trog
 16294 | Lair:6   | Reached skill level 13 in Evocations
 16785 | Lair:6   | Received a gift from Trog
 16848 | Lair:6   | Noticed a dire elephant
 17024 | Lair:6   | Killed a dire elephant
 17085 | Lair:6   | Got a twisted shield
 17137 | Lair:6   | Reached XP level 15. HP: 119/119 MP: 8/25
 17140 | Lair:6   | Reached skill level 14 in Evocations
 17166 | Lair:6   | Got a shimmering robe
 17214 | Lair:6   | Identified the +3 shield of the Good {rPois rF- Int+2} (You found it on level 6 of the Lair of Beasts)
 17430 | Orc:1    | Entered Level 1 of the Orcish Mines
 17722 | Orc:2    | Entered Level 2 of the Orcish Mines
 17843 | Orc:2    | Received a gift from Trog
 17951 | Orc:2    | Found a staircase to the Elven Halls.
 17974 | Orc:2    | Found Ewosobon's Antique Weapon Emporium.
 17988 | Orc:2    | Bought a glowing glaive for 190 gold pieces
 18128 | Orc:2    | Found a roughly hewn altar of Beogh.
 18193 | Orc:2    | Found a roughly hewn altar of Beogh.
 18214 | Orc:2    | Found Xedghisk's Armour Emporium.
 18219 | Orc:2    | Bought the +9 chain mail of the Evening Star {rPois rF+ Int-5} for 915 gold pieces
 18219 | Orc:2    | Bought a +0 helmet of intelligence for 184 gold pieces
 18312 | Orc:2    | Found a roughly hewn altar of Beogh.
 18344 | Orc:2    | Found a roughly hewn altar of Beogh.
 18453 | Orc:2    | Noticed Rupert
 18463 | Orc:2    | Killed Rupert
 18463 | Orc:2    | Reached skill level 15 in Evocations
 18621 | Orc:2    | Found a roughly hewn altar of Beogh.
 18726 | Orc:2    | Found a roughly hewn altar of Beogh.
 18743 | Orc:2    | Found Piarroax's Food Shoppe.
 18910 | Orc:2    | Noticed an orc warlord
 18941 | Orc:2    | Killed an orc warlord
 19060 | Orc:2    | Reached skill level 12 in Fighting
 19086 | Orc:2    | Received a gift from Trog
 19124 | Orc:2    | Found a roughly hewn altar of Beogh.
 19124 | Orc:2    | Found Kiabal's Antique Weapon Boutique.
 19127 | Orc:2    | Found Pyheugax's Antique Armour Shop.
 19144 | Orc:2    | Bought a runed scarf for 264 gold pieces
 19144 | Orc:2    | Bought a pair of runed gloves for 247 gold pieces
 19337 | D:12     | Got a faintly humming helmet
 19348 | D:12     | Identified the +4 helmet "Omaunuil" {Regen+ Str+3 Stlth-} (You found it on level 12 of the Dungeon)
 19446 | D:12     | Found a roughly hewn altar of Beogh.
 20068 | D:12     | Found a glowing silver altar of Zin.
 20367 | D:13     | Reached skill level 13 in Fighting
 20758 | D:13     | Noticed Erolcha
 20766 | D:13     | Killed Erolcha
 21067 | D:13     | Noticed Kirke
 21089 | D:13     | Killed Kirke
 21090 | D:13     | Received a gift from Trog
 21299 | D:14     | Reached skill level 14 in Fighting
 22032 | D:14     | Reached XP level 16. HP: 132/134 MP: 9/27
 22089 | D:14     | Found a gate to the Vaults.
 22343 | D:15     | Entered Level 15 of the Dungeon
 22343 | D:15     | Noticed Josephine
 22348 | D:15     | Reached skill level 15 in Fighting
 22349 | D:15     | Reached skill level 9 in Dodging
 22368 | D:15     | Killed Josephine
 22382 | D:15     | Reached skill level 7 in Armour
 22564 | D:15     | Found a runed door.
 22716 | D:15     | Reached skill level 10 in Dodging
 22823 | D:15     | Noticed Azrael
 22837 | D:15     | Killed Azrael
 22907 | D:15     | Received a gift from Trog
 23023 | D:15     | Noticed Roxanne
 23217 | D:15     | Reached skill level 8 in Armour
 23389 | D:15     | Found a staircase to the Depths.
 23740 | Shoals:1 | Entered Level 1 of the Shoals
 23791 | Shoals:1 | Noticed Donald
 23805 | Shoals:1 | Killed Donald
 23961 | Shoals:1 | Reached skill level 9 in Armour
 24315 | Shoals:1 | HP: 18/136 [stone giant/large rock (42)]
 24336 | Shoals:1 | HP: 23/136 [stone giant/large rock (39)]
 24337 | Shoals:1 | HP: 8/136 [stone giant/large rock (18)]
 24491 | Shoals:1 | Reached skill level 10 in Armour
 25022 | Shoals:2 | Received a gift from Trog
 25065 | Shoals:2 | Reached XP level 17. HP: 141/142 MP: 9/28
 25094 | Shoals:2 | Noticed Louise
 25110 | Shoals:2 | Killed Louise
 25258 | Shoals:2 | Received a gift from Trog
 25945 | Shoals:3 | Got a flickering jade amulet
 25946 | Shoals:3 | Identified the amulet of the Yeti {Inacc rPois rC+ Str+4 Dex+6} (You found it on level 3 of the Shoals)
 25999 | Shoals:3 | Reached skill level 11 in Dodging
 26753 | Shoals:4 | Entered Level 4 of the Shoals
 26755 | Shoals:4 | Noticed a kraken
 26769 | Shoals:4 | Killed a kraken
 27070 | Shoals:4 | Got a smoking wooden ring
 27117 | Shoals:4 | Noticed Ilsuiw
 27132 | Shoals:4 | Killed Ilsuiw
 27233 | Shoals:4 | Identified the ring of Doors {rC+ MR+ MP-9 Int+7 Stlth+} (You took it off a merfolk on level 4 of the Shoals)
 27392 | Shoals:4 | Reached skill level 12 in Dodging
 27395 | Shoals:4 | Reached skill level 22 in Polearms
 27495 | Shoals:4 | Received a gift from Trog
 27496 | Shoals:4 | Reached skill level 16 in Fighting
 27623 | Shoals:4 | Noticed a kraken
 27641 | Shoals:4 | Killed a kraken
 27676 | Shoals:4 | Reached skill level 11 in Armour
 27757 | Shoals:4 | Got a barnacled rune of Zot
 27789 | Shoals:4 | Reached XP level 18. HP: 150/151 MP: 6/29
 28035 | Shoals:4 | Noticed Polyphemus
 28204 | Shoals:4 | Killed Polyphemus
 28425 | Spider:1 | Entered Level 1 of the Spider Nest
 28494 | Spider:1 | HP: 32/152 [jumping spider (18)]
 28500 | Spider:1 | HP: 15/152 [jumping spider (6)]
 28714 | Spider:1 | Reached skill level 13 in Dodging
 28801 | Spider:1 | Noticed Agnes
 28820 | Spider:1 | Killed Agnes
 29159 | Spider:2 | Received a gift from Trog
 30593 | Spider:3 | Noticed Bai Suzhen
 30613 | Spider:3 | Killed Bai Suzhen
 30854 | Spider:4 | Entered Level 4 of the Spider Nest
 30983 | Spider:4 | Received a gift from Trog
 31024 | Spider:4 | Got a polished glaive {god gift}
 31049 | Spider:3 | Identified the +4 glaive of Truth {chop, Str-2 Int+4 Dex+2 SInv} (Trog gifted it to you on level 4 of the Spider Nest)
 31209 | Spider:4 | Reached skill level 23 in Polearms
 31209 | Spider:4 | Reached skill level 14 in Dodging
 31446 | Spider:4 | Reached skill level 17 in Fighting
 31618 | Spider:4 | Reached XP level 19. HP: 95/161 MP: 0/30
 32351 | Vaults:1 | Entered Level 1 of the Vaults
 32526 | Vaults:1 | Reached skill level 12 in Armour
 32528 | Vaults:1 | Received a gift from Trog
 32913 | Vaults:1 | Reached skill level 15 in Dodging
 33249 | Vaults:1 | HP: 22/161 [titanic slime creature (61)]
 33309 | Vaults:1 | HP: 35/161 [large slime creature (16)]
 33623 | Vaults:1 | Noticed Aizul
 33640 | Vaults:1 | Killed Aizul
 33734 | Vaults:1 | Received a gift from Trog
 34063 | Vaults:2 | Found a gateway to a bazaar.
 34073 | Bazaar   | Entered a bazaar
 34073 | Bazaar   | Found Qonturue's Weapon Boutique.
 34073 | Bazaar   | Found Hugox's Jewellery Boutique.
 34090 | Bazaar   | Bought the amulet of the Salamander {Reflect rPois rF+ Str+9 Dex-5 SH+4} for 589 gold pieces
 34111 | Bazaar   | Found Raruts's Assorted Antiques.
 34160 | Bazaar   | Found Eqaar's Jewellery Shop.
 34168 | Bazaar   | Bought the ring of Sieraitt {*Corrode rPois rC++ Int+3 Dex+2} for 473 gold pieces
 34232 | Bazaar   | Bought a scroll of fog for 34 gold pieces
 34398 | Vaults:2 | Reached skill level 24 in Polearms
 34504 | Vaults:2 | Got a steaming wooden ring
 34505 | Vaults:2 | Identified the ring of Tissor {rPois Int+4} (You found it on level 2 of the Vaults)
 34674 | Vaults:2 | Reached XP level 20. HP: 170/170 MP: 7/31
 34702 | Vaults:2 | Reached skill level 18 in Fighting
 34811 | Vaults:2 | Noticed Jorgrun
 34822 | Vaults:2 | Killed Jorgrun
 34872 | Vaults:2 | Received a gift from Trog
 34899 | Vaults:2 | Got a warped glaive {god gift}
 34900 | Vaults:2 | Identified the +9 glaive "Wunoceeh" {chop, +Fly rF+} (Trog gifted it to you on level 2 of the Vaults)
 35053 | Vaults:2 | Reached skill level 16 in Dodging
 35134 | Vaults:3 | Noticed Sojobo
 35172 | Vaults:3 | HP: 35/170 [tengu reaver/bolt of acid[Sojobo] (16)]
 35177 | Vaults:3 | HP: 27/170 [Sojobo/the air (13)]
 35346 | Vaults:3 | Killed Sojobo
 35579 | Vaults:3 | Noticed Saint Roka
 35609 | Vaults:3 | Killed Saint Roka
 35873 | Vaults:3 | Received a gift from Trog
 36133 | Vaults:3 | Found a portal to a secret trove of treasure.
 36253 | Vaults:3 | Reached skill level 13 in Armour
 36283 | Vaults:3 | Found a staircase to the Crypt.
 36636 | Vaults:4 | Reached skill level 17 in Dodging
 36701 | Vaults:4 | Noticed Jory
 36714 | Vaults:4 | Killed Jory
 36821 | Vaults:4 | Reached XP level 21. HP: 179/179 MP: 23/32
 36893 | Vaults:4 | Reached skill level 25 in Polearms
 36938 | Vaults:4 | Noticed a golden dragon
 36947 | Vaults:4 | Noticed a caustic shrike
 36947 | Vaults:4 | a golden dragon changed into a caustic shrike
 36949 | Vaults:4 | Noticed a golden dragon
 36949 | Vaults:4 | a caustic shrike changed into a golden dragon
 36953 | Vaults:4 | Killed a golden dragon
 37213 | Vaults:4 | Received a gift from Trog
 37337 | Vaults:4 | Reached skill level 19 in Fighting
 38672 | Depths:1 | Entered Level 1 of the Depths
 38900 | Depths:1 | Found a one-way gate to the infinite horrors of the Abyss.
 38982 | Depths:1 | Reached skill level 18 in Dodging
 38995 | Depths:1 | Received a gift from Trog
 39020 | Depths:1 | HP: 52/270 [lich/crystal spear (59)]
 39056 | Depths:1 | Noticed a juggernaut
 39063 | Depths:1 | HP: 32/181 [juggernaut (15)]
 39064 | Depths:1 | Killed a juggernaut
 39181 | Depths:1 | Noticed a juggernaut
 39189 | Depths:1 | Killed a juggernaut
 39377 | Depths:1 | Got a smoking glaive
 39401 | Depths:1 | Identified the +3 glaive of Debt {chop, Fragile rElec rN++ Dex+2} (You found it on level 1 of the Depths)
 39501 | Depths:1 | Found a gateway to Hell.
 39522 | Depths:1 | Reached XP level 22. HP: 127/188 MP: 24/33
 40090 | Depths:2 | Reached skill level 14 in Armour
 40204 | Depths:2 | Found a gateway to a ziggurat.
 40229 | Depths:2 | Reached skill level 26 in Polearms
 40413 | Depths:2 | Received a gift from Trog
 40442 | Depths:2 | Identified a scroll of acquirement
 40586 | Depths:2 | Found Siec's Food Shoppe.
 40621 | Depths:2 | Reached skill level 19 in Dodging
 40692 | Depths:2 | Reached skill level 20 in Fighting
 40729 | Depths:2 | Got a heavily jewelled robe
 40775 | Depths:2 | Found a one-way gate leading to the halls of Pandemonium.
 41033 | Depths:2 | HP: 47/190 [spriggan berserker/hand axe (13)]
 41038 | Depths:2 | HP: 31/190 [spriggan berserker/hand axe (2)]
 41043 | Depths:2 | HP: 32/190 [spriggan berserker/hand axe (4)]
 41044 | Depths:2 | HP: 15/190 [spriggan berserker/hand axe (18)]
 41051 | Depths:2 | HP: 43/190 [tengu reaver/great mace (6)]
 41366 | Depths:3 | Received a gift from Trog
 41379 | Depths:3 | Got a twisted glaive {god gift}
 41391 | Depths:3 | Identified the +8 glaive "Xanon" {venom, *Corrode rPois rC+ Str+2} (Trog gifted it to you on level 3 of the Depths)
 41597 | Depths:3 | Found a blossoming altar of Fedhas.
 41629 | Depths:3 | Found a deep blue altar of Sif Muna.
 41635 | Depths:3 | Reached XP level 23. HP: 173/198 MP: 25/34
 41752 | Depths:3 | Found a glowing golden altar of the Shining One.
 41789 | Depths:3 | Received a gift from Trog
 41793 | Depths:3 | Got a translucent bardiche {god gift}
 41794 | Depths:3 | Identified the +5 bardiche "Conservator" {antimagic, +Rage rPois} (Trog gifted it to you on level 3 of the Depths)
 41862 | Depths:3 | Reached skill level 20 in Dodging
 41886 | Depths:3 | Found a burning altar of Makhleb.
 42136 | Depths:3 | Reached skill level 27 in Polearms
 42205 | Depths:3 | Noticed a golden dragon
 42475 | Depths:3 | Killed a golden dragon
 42475 | Depths:3 | Reached skill level 15 in Armour
 42746 | Depths:3 | Reached skill level 21 in Fighting
 42987 | Depths:3 | Got a pair of steaming boots
 42990 | Depths:3 | Identified the +0 pair of boots of the Twelve Yaks {*Slow +Blink rElec rC+} (You found it on level 3 of the Depths)
 43077 | Depths:4 | Noticed Boris
 43093 | Depths:4 | Killed Boris
 43217 | Depths:4 | Paralysed by a floating eye for 3 turns
 43226 | Depths:4 | Noticed Frederick
 43241 | Depths:4 | Killed Frederick
 43666 | Depths:4 | Reached skill level 21 in Dodging
 43848 | Depths:4 | Reached XP level 24. HP: 195/208 MP: 8/34
 43865 | Depths:4 | Got a jewelled plate armour
 43866 | Depths:4 | Identified the +6 plate armour of the Nightingale {Regen+ Stlth+} (You found it on level 4 of the Depths)
 44247 | Depths:5 | Entered Level 5 of the Depths
 44390 | Depths:5 | Received a gift from Trog
 44404 | Depths:5 | Found an iron altar of Okawaru.
 44440 | Depths:5 | Noticed a juggernaut
 44453 | Depths:5 | Killed a juggernaut
 44479 | Depths:5 | HP: 51/209 [poisoned by a green very ugly thing]
 44484 | Depths:5 | HP: 43/209 [poisoned by a green very ugly thing]
 44489 | Depths:5 | HP: 42/209 [poisoned by a green very ugly thing]
 44494 | Depths:4 | HP: 46/209 [poisoned by a green very ugly thing]
 45509 | Depths:5 | Found a gate to the Realm of Zot.
 45938 | Elf:1    | Entered Level 1 of the Elven Halls
 45966 | Elf:1    | Reached skill level 22 in Dodging
 46091 | Elf:1    | Reached skill level 22 in Fighting
 46245 | Elf:1    | Found Qegolecs's Armour Shop.
 46386 | Elf:1    | Reached skill level 16 in Armour
 46885 | Elf:1    | Identified the Tome of Conjuration
 47006 | Elf:2    | Received a gift from Trog
 47098 | Elf:2    | Found Jyaxzac's Antique Armour Shoppe.
 47387 | Elf:2    | Reached XP level 25. HP: 210/218 MP: 25/34
 47450 | Elf:2    | Found a huge runed gate.
 47450 | Elf:2    | Found a huge runed gate.
 47450 | Elf:2    | Found a huge runed gate.
 47450 | Elf:2    | Found a huge runed gate.
 47450 | Elf:2    | Found a huge runed gate.
 47755 | Elf:3    | Entered Level 3 of the Elven Halls
 48179 | Elf:3    | Received a gift from Trog
 48443 | Elf:3    | Reached skill level 23 in Dodging
 48496 | Elf:3    | Got a smoking scale mail
 48500 | Elf:3    | Got a serpentine graven amulet
 48502 | Elf:3    | Got a fine marble ring
 48543 | Elf:3    | Got a brightly glowing plate armour
 48544 | Elf:3    | Identified the +6 plate armour of Wisdom {rF+} (You found it on level 3 of the Elven Halls)
 48545 | Elf:3    | Identified the cursed +0 scale mail "Nuossoz" {rC- MR+ Str+2 Stlth+} (You found it on level 3 of the Elven Halls)
 48546 | Elf:3    | Identified the amulet of Sigoacil {Inacc Dex+3} (You found it on level 3 of the Elven Halls)
 48547 | Elf:3    | Identified the ring "Lini" {AC+4 Str+4 Stlth+} (You found it on level 3 of the Elven Halls)
 48568 | Elf:3    | Found the amulet of Vitality {Regen+ HP+15}
 48593 | Elf:3    | Got a pitted platinum ring
 48603 | Elf:3    | Got a bronze scale mail
 48616 | Elf:3    | Identified the +6 scale mail of Yrawnuq {*Corrode +Inv rF- Dex+8} (You found it on level 3 of the Elven Halls)
 48618 | Elf:3    | Identified a +0 pair of boots of running (You found it on level 3 of the Elven Halls)
 48620 | Elf:3    | Identified the ring of the Snail {rCorr Dex+4} (You found it on level 3 of the Elven Halls)
 49414 | Spider:4 | Got a gossamer rune of Zot
 49934 | Vaults:5 | Entered Level 5 of the Vaults
 49960 | Vaults:5 | Received a gift from Trog
 50007 | Vaults:5 | Reached skill level 23 in Fighting
 50011 | Vaults:5 | HP: 50/221 [titan (36)]
 50016 | Vaults:5 | HP: 54/221 [vault guard/enchanted halberd (3)]
 50025 | Vaults:5 | HP: 31/221 [deep elf high priest/divine providence (15)]
 50205 | Vaults:5 | Found Nomnuutiepn's Gadget Boutique.
 50564 | Vaults:5 | Got transparent ice dragon scales
 50674 | Vaults:5 | Got a faintly glowing chain mail
 50762 | Vaults:5 | Reached skill level 17 in Armour
 50861 | Vaults:5 | Reached XP level 26. HP: 222/229 MP: 25/34
 50931 | Vaults:5 | Identified the +3 chain mail "Kotog" {rC+ MP+9 Str-3} (You took it off a vault guard on level 5 of the Vaults)
 50932 | Vaults:5 | Identified the +8 ice dragon scales of the Invisible Hand {rPois rF- rC++ rN+ rCorr} (You took it off a vault warden on level 5 of the Vaults)
 50958 | Vaults:5 | Got an iridescent glaive
 50959 | Vaults:5 | Identified the +10 glaive "Bicwitic" {antimagic, Int+6} (You acquired it on level 5 of the Vaults)
 51024 | Vaults:5 | Reached skill level 24 in Dodging
 51108 | Vaults:5 | Got a spiked plate armour
 51170 | Vaults:5 | Identified the +11 plate armour of the Harvest Moon {Str+8 Int-2} (You found it on level 5 of the Vaults)
 51215 | Vaults:5 | Found Xisuxt's Distillery.
 51262 | Vaults:5 | Received a gift from Trog
 51265 | Vaults:5 | Found Ovuotoxe's Magic Scroll Shoppe.
 51411 | Vaults:5 | Bought a potion of haste for 180 gold pieces
 51411 | Vaults:5 | Bought a potion of invisibility for 144 gold pieces
 51411 | Vaults:5 | Bought a potion of heal wounds for 90 gold pieces
 51434 | Vaults:5 | Bought a scroll of enchant weapon for 105 gold pieces
 51434 | Vaults:5 | Bought a scroll of fog for 28 gold pieces
 51458 | Vaults:5 | Got a silver rune of Zot
 51550 | Vaults:5 | Found Gebes's Distillery.
 51554 | Vaults:5 | Bought a potion of heal wounds for 115 gold pieces
 51554 | Vaults:5 | Bought a potion of mutation for 184 gold pieces
 51554 | Vaults:5 | Bought a potion of heal wounds for 115 gold pieces
 51554 | Vaults:5 | Bought a potion of ambrosia for 184 gold pieces
 51554 | Vaults:5 | Bought a potion of cancellation for 184 gold pieces
 52104 | Zot:1    | Entered Level 1 of the Realm of Zot
 52791 | Zot:1    | Reached skill level 24 in Fighting
 53394 | Zot:2    | Reached skill level 25 in Dodging
 53783 | Zot:2    | Received a gift from Trog
 53785 | Zot:2    | Noticed an orb of fire
 53800 | Zot:2    | Gained mutation: You are clumsy. (Dex -2) [an orb of fire]
 53801 | Zot:2    | Killed an orb of fire
 53801 | Zot:2    | Reached XP level 27. HP: 228/239 MP: 25/34
 53832 | Zot:2    | Got an ichor-stained chain mail
 53833 | Zot:2    | Identified the +5 chain mail of the Poles {rElec rN+ Dex-5 SInv} (You found it on level 2 of the Realm of Zot)
 54198 | Zot:2    | Reached skill level 18 in Armour
 54580 | Zot:3    | HP: 60/240 [poisoned by a green draconian knight]
 54585 | Zot:2    | HP: 52/240 [poisoned by a green draconian knight]
 54590 | Zot:2    | HP: 51/240 [poisoned by a green draconian knight]
 54595 | Zot:2    | HP: 52/240 [poisoned by a green draconian knight]
 54600 | Zot:2    | HP: 55/240 [poisoned by a green draconian knight]
 54605 | Zot:2    | HP: 58/240 [poisoned by a green draconian knight]
 55422 | Zot:3    | Found Wovvypa's Changing Room.
 55437 | Zot:3    | Bought a potion of mutation for 96 gold pieces
 55437 | Zot:3    | Bought a potion of mutation for 96 gold pieces
 55437 | Zot:3    | Bought a potion of mutation for 96 gold pieces
 55437 | Zot:3    | Bought a potion of mutation for 96 gold pieces
 55569 | Zot:4    | Received a gift from Trog
 55882 | Zot:4    | Reached skill level 26 in Dodging
 56109 | Zot:4    | Reached skill level 25 in Fighting
 56545 | Zot:5    | Entered Level 5 of the Realm of Zot
 57024 | Zot:5    | Noticed an ancient lich
 57041 | Zot:5    | Killed an ancient lich
 57123 | Zot:5    | Noticed an ancient lich
 57133 | Zot:5    | Killed an ancient lich
 57149 | Zot:5    | Noticed an orb of fire
 57152 | Zot:5    | Gained mutation: Scrolls take you a little longer to read. [an orb of fire]
 57158 | Zot:5    | Gained mutation: Armour fits poorly on your strangely shaped body. [an orb of fire]
 57161 | Zot:5    | Killed an orb of fire
 57201 | Zot:5    | Noticed an ancient lich
 57211 | Zot:5    | Killed an ancient lich
 57242 | Zot:5    | Lost mutation: Armour fits poorly on your strangely shaped body. [potion of mutation]
 57242 | Zot:5    | Lost mutation: You are clumsy. (Dex -2) [potion of mutation]
 57242 | Zot:5    | Lost mutation: Scrolls take you a little longer to read. [potion of mutation]
 57242 | Zot:5    | Gained mutation: You have sharp fingernails. [potion of mutation]
 57242 | Zot:5    | Gained mutation: You expend magic power (3 MP) to strengthen your wands. [potion of mutation]
 57242 | Zot:5    | Gained mutation: You are frail. (-10% HP) [potion of mutation]
 57242 | Zot:5    | Gained mutation: You have a pair of small horns on your head. [potion of mutation]
 57243 | Zot:5    | Lost mutation: You are frail. (-10% HP) [potion of mutation]
 57243 | Zot:5    | Lost mutation: You have a pair of small horns on your head. [potion of mutation]
 57243 | Zot:5    | Lost mutation: You have sharp fingernails. [potion of mutation]
 57243 | Zot:5    | Gained mutation: Your movements are slightly less encumbered by armour. (ER -2) [potion of mutation]
 57243 | Zot:5    | Gained mutation: You are partially covered in yellow scales. (AC +2) [potion of mutation]
 57319 | Zot:5    | Noticed an orb of fire
 57331 | Zot:5    | Killed an orb of fire
 57397 | Zot:5    | Reached skill level 19 in Armour
 57405 | Zot:5    | Reached skill level 27 in Dodging
 57593 | Zot:5    | Noticed an orb of fire
 57597 | Zot:5    | Noticed an orb of fire
 57608 | Zot:5    | Killed an orb of fire
 57614 | Zot:5    | Noticed an orb of fire
 57614 | Zot:5    | Gained mutation: You do not regenerate when monsters are visible. [an orb of fire]
 57615 | Zot:5    | Gained mutation: You are weak. (Str -2) [an orb of fire]
 57616 | Zot:5    | Killed an orb of fire
 57617 | Zot:5    | Noticed an orb of fire
 57627 | Zot:5    | Reached skill level 26 in Fighting
 57635 | Zot:5    | Killed an orb of fire
 57661 | Zot:5    | Killed an orb of fire
 57705 | Zot:5    | Noticed an ancient lich
 57712 | Zot:5    | Noticed an orb of fire
 57718 | Zot:5    | Killed an ancient lich
 57720 | Zot:5    | Gained mutation: You are dopey. (Int -2) [an orb of fire]
 57728 | Zot:5    | Killed an orb of fire
 57779 | Zot:5    | Lost mutation: Your movements are slightly less encumbered by armour. (ER -2) [potion of mutation]
 57779 | Zot:5    | Lost mutation: You are weak. (Str -2) [potion of mutation]
 57779 | Zot:5    | Gained mutation: You are partially covered in molten scales. (AC +2) [potion of mutation]
 57779 | Zot:5    | Gained mutation: You are frail. (-10% HP) [potion of mutation]
 57779 | Zot:5    | Gained mutation: You are agile. (Dex +2) [potion of mutation]
 57780 | Zot:5    | Lost mutation: You are frail. (-10% HP) [potion of mutation]
 57780 | Zot:5    | Lost mutation: You expend magic power (3 MP) to strengthen your wands. [potion of mutation]
 57780 | Zot:5    | Lost mutation: You are dopey. (Int -2) [potion of mutation]
 57780 | Zot:5    | Gained mutation: You expend magic power (3 MP) to strengthen your wands. [potion of mutation]
 57835 | Zot:5    | Got the Orb of Zot
 57840 | Zot:5    | Noticed Nuoxkaegh the pandemonium lord
 58455 | D:3      | Noticed Waoba the pandemonium lord
 58500 | D:3      | Noticed Xevoosm the pandemonium lord
 58530 | D:2      | Killed Xevoosm the pandemonium lord
 58570 | D:1      | Gained mutation: Armour fits poorly on your strangely shaped body. [a cacodemon]
 58610 | D:$      | Escaped with the Orb!

Vault maps used:
D:1:      dpeg_arrival_chase, minmay_misc_feat_more_columns
D:2:      first_ration, uniq_sigmund
D:3:      fedhas_altar_1, gammafunk_temple_overflow_arena, zin_angel,
          lemuel_doored_altar, grunt_ministairs_10, elyvilon_altar_4,
          uniq_robin, uniq_ijyb, uniq_grinder
D:4:      wad_lake_hut, kennysheep_little_box, uniq_menkaure
D:5:      okawaru_trees_2, minmay_temple_entry_enclosed_plants
D:6:      cheibrodos_fertilizer, makhleb_heckhound_becter, old_standard_altar,
          serial_shops, shop_fountains
D:7:      yredelemnul_altar_generic, old_standard_altar, grunt_ogre_cave,
          nicolae_ru_awakened_eye
D:8:      nicolae_overflow_crystal_walls, jmf_multi_god_temple
D:9:      nicolae_overflow_hidden_temple, fiery_altar_vehumet, david_orc_5,
          uniq_erica
D:10:     due_lair_maze_entry_diamond, serial_shops,
          nicolae_shop_temple_entry_statues_fountains, serial_glass,
          glass_columns_a, glass_columns_a, glass_columns_a, glass_columns_c
D:11:     kennysheep_ambush_hall
D:12:     serial_park, serial_park_tiny_1, serial_park_square2,
          serial_park_square2, serial_park_gazebo, special_room,
          minmay_misc_feat_square
D:13:     uniq_erolcha, uniq_kirke
D:14:     david_vaults_4, minmay_misc_feat_room, minmay_door_square
D:15:     grunt_enter_depths_snipers, minmay_hidden_floor, uniq_josephine,
          uniq_azrael, uniq_roxanne
Lair:1:   beast_lair_carwin_10
Lair:2:   serial_bayou_shore_b, serial_bayou_shore_b, lemuel_fruit_fields,
          minmay_lair_oklob_chamber, grunt_megastairs_1, lemuel_fruit_fields,
          uniq_sonja
Lair:3:   minmay_shoals_entry_beasts, spider_nest_entry_funnel_web,
          grunt_megastairs_3
Lair:4:   wad_woods_road_01
Lair:5:   minmay_slime_entry_pillars
Lair:6:   hangedman_lair_in_review, portal_ice_cave_demonic_guard, dpeg_oklob_1
Shoals:1: hangedman_shoals_cup_caves, uniq_donald
Shoals:2: uniq_louise
Shoals:3: st_cyclops
Shoals:4: shoals_end_simple, shoal_ilsuiw, uniq_polyphemus
Spider:1: spiders_nest_hornet_nest, uniq_agnes
Spider:3: nicolae_spider_cling_ruins, uniq_bai_suzhen
Spider:4: floodkiller_spider_rune_tomb
Orc:1:    basic_altar
Orc:2:    grunt_orc_community_town_hall, grunt_orc_community_big_house_2,
          grunt_orc_community_big_house_2, grunt_orc_community_house_3,
          grunt_orc_community_house_1, grunt_orc_community_house_3,
          grunt_orc_community_house_3, serial_shops, nicolae_shop_waterfront,
          uniq_rupert
Elf:1:    minmay_elf_arrival_summoners, serial_shops, shop, minmay_elf_sorcery,
          minivault_25
Elf:2:    serial_shops, nicolae_shop_trees
Elf:3:    minmay_elf_hall
Vaults:1: nicolae_vaults_twisting_passages, ontoclasm_vaults_chip, v_pattern_5,
          v_alt_pattern_3, v_misc_27, hangedman_vaults_river_flow,
          v_alt_pattern_6, nicolae_vaults_little_squares_6,
          ontoclasm_vaults_bender, ontoclasm_vaults_gateway,
          nicolae_vaults_little_squares_3, uniq_aizul
Vaults:2: nicolae_vaults_triangles, hangedman_vaults_maws,
          hangedman_vaults_variations, nicolae_vaults_windows_and_doors_thing,
          vaults_room_corners, v_misc_18, nicolae_vaults_ring_of_whatevers,
          nicolae_vaults_know_your_exits, v_misc_23, stair_cage_open,
          hangedman_vaults_corner_blocks, serial_shops, bzr_entry_lakeside,
          uniq_jorgrun
Vaults:3: nicolae_vaults_rhombus_6, blue_anna_dwarven_crypt,
          vaults_room_grunt_arrival_checkpoint, grunt_vaults_hallway_long,
          vaults_room_pools, vaults_room_fours, v_rooms_5, v_misc_30,
          vaults_standard_mumra_x, v_misc_28, special_room_vaults,
          nicolae_trove_entry_crossroad, uniq_sojobo, uniq_saint_roka
Vaults:4: vaults_dpeg_cross, ontoclasm_vaults_ring_large, vaults_room_door_ring,
          ontoclasm_vaults_spin, nicolae_vaults_shelves_hall,
          nicolae_vaults_display_case, v_alt_pattern_2, uniq_jory
Depths:1: minmay_central_circle, abyss_entry, minmay_misc_feat_hallway,
          hell_entry, serial_sigils_hangedman_scar, grunt_decor_clamped,
          kennysheep_generic_room_11
Depths:2: cheibrodos_leafed_vault, enter_ziggurat_a, rand_demon_pan_entry_7,
          hell_entry, moated_statue, nicolae_abyss_entry_one_way_or_another,
          serial_shops, shop
Depths:3: grunt_profane_halls, serial_shops, hell_entry, pan_entry, abyss_entry
Depths:4: mu_elephants_graveyard, lightli_too_deep, abyss_entry,
          grunt_decor_one_mirror, infiniplex_staircase_pool_2, uniq_boris,
          uniq_frederick
Depths:5: evilmike_zot_entry_hall, abyss_entry, lemuel_crystal_altar,
          hell_entry, minmay_misc_feat_secret_circle
Zot:3:    nicolae_transmutations_shop
Bazaar:   bazaar_jpeg_ribbon
IceCv:    ice_cave_caverns_02

Skill      XL: |  1  2  3  4  5  6  7  8  9 10 11 12 13 14 15 16 17 18 19 20 21 22 23 24 25 26 27 |
---------------+----------------------------------------------------------------------------------+-----
Polearms       | 5 6 7 9 11 13 14 15 18 20 21 22 23 24 25 26 27 | 27.0
Fighting       | 5 9 11 14 15 16 17 18 19 20 21 22 23 24 26 | 26.6
Armour         | 3 5 6 10 11 12 13 14 15 16 17 19 | 19.8
Dodging        | 5 8 10 12 14 15 17 18 19 21 22 23 25 27 | 27.0
Evocations     | 9 13 15 | 15.0

Action                   |  1- 3 |  4- 6 |  7- 9 | 10-12 | 13-15 | 16-18 | 19-21 | 22-24 | 25-27 || total
-------------------------+-------+-------+-------+-------+-------+-------+-------+-------+-------++-------
Melee: Spear             |   134 |     4 |       |       |       |       |       |       |       ||   138
       Halberd           |       |   116 |   357 |   225 |       |       |       |       |       ||   698
       Tailslap          |       |       |     5 |       |     7 |    59 |     8 |       |       ||    79
       Glaive            |       |       |       |   512 |  1445 |  1708 |  1466 |   554 |    10 ||  5695
       Bardiche          |       |       |       |       |       |       |       |   873 |  1514 ||  2387
Invok: Berserk           |     2 |     4 |    11 |    11 |    10 |    15 |    14 |    16 |     6 ||    89
       Trog's Hand       |       |     1 |     2 |     5 |     9 |     5 |    11 |    23 |    33 ||    89
       Brothers in Arms  |       |       |       |     3 |     2 |     6 |     6 |     6 |     7 ||    30
 Abil: Evoke Flight      |       |       |     1 |     1 |       |       |       |       |       ||     2
Evoke: Wand              |       |       |       |       |     5 |       |     3 |       |     2 ||    10
       Lamp of fire      |       |       |       |       |       |       |     1 |       |     1 ||     2
       Fan of gales      |       |       |       |       |       |       |       |       |     1 ||     1
       Sack of spiders   |       |       |       |       |       |       |       |       |     1 ||     1
       Phial of floods   |       |       |       |       |       |       |       |       |     1 ||     1
  Use: Potion            |       |     1 |       |     1 |     1 |     3 |     2 |     3 |    29 ||    40
       Scroll            |       |       |    13 |    18 |    12 |    12 |     9 |    19 |    34 ||   117
 Stab: Sleeping          |       |       |       |     1 |       |       |       |       |       ||     1
       Paralysed         |       |       |       |       |     4 |       |       |       |       ||     4
       Distracted        |       |       |       |       |       |     1 |     2 |       |     2 ||     5
       Invisible         |       |       |       |       |       |       |       |       |     1 ||     1
  Eat: Chunk             |     1 |    10 |    20 |    29 |    44 |    30 |    28 |    46 |    12 ||   220
       Ration            |       |       |       |     2 |     1 |     5 |     6 |     2 |    14 ||    30
Armor: Animal skin       |    12 |       |       |       |       |       |       |       |       ||    12
       Ring mail         |    18 |    20 |    93 |    23 |       |       |       |       |       ||   154
       Scale mail        |       |       |       |   181 |   368 |   652 |   298 |       |       ||  1499
       Chain mail        |       |       |       |       |       |       |    78 |   273 |       ||   351
       Plate armour      |       |       |       |       |       |       |       |   149 |   160 ||   309
       Ice dragon scales |       |       |       |       |       |       |       |       |   434 ||   434
Dodge: Dodged            |    63 |    36 |   144 |   277 |   720 |  1267 |   772 |   891 |  1303 ||  5473
Block: Other             |       |       |       |       |       |       |    96 |   147 |   201 ||   444
       Reflection        |       |       |       |       |       |       |    21 |     9 |    11 ||    41

Table legend:
 A = Spawn XP
 B = Non-spawn XP
 C = Spawn XP percentage of total XP
 D = Spawn monster count
 E = Non-spawn monster count
 F = Spawn count percentage of total count
 G = Total turns spent on level
                    A         B        C        D         E        F      G
               +---------+---------+-------+---------+---------+-------+---------
         Total |       0 | 1578892 |   0.0 |       0 |    2319 |   0.0 | 58610
               +---------+---------+-------+---------+---------+-------+---------
           D:1 |       0 |      30 |   0.0 |       0 |      18 |   0.0 |   819
           D:2 |       0 |     390 |   0.0 |       0 |      27 |   0.0 |   979
           D:3 |       0 |     402 |   0.0 |       0 |      28 |   0.0 |  1113
           D:4 |       0 |     920 |   0.0 |       0 |      33 |   0.0 |  1238
           D:5 |       0 |    1027 |   0.0 |       0 |      24 |   0.0 |  1010
           D:6 |       0 |    1956 |   0.0 |       0 |      47 |   0.0 |  1139
           D:7 |       0 |     755 |   0.0 |       0 |      15 |   0.0 |   784
           D:8 |       0 |    2452 |   0.0 |       0 |      20 |   0.0 |   859
           D:9 |       0 |    6426 |   0.0 |       0 |      67 |   0.0 |  1473
          D:10 |       0 |    4366 |   0.0 |       0 |      30 |   0.0 |  1016
          D:11 |       0 |    6108 |   0.0 |       0 |      42 |   0.0 |  1111
          D:12 |       0 |    3364 |   0.0 |       0 |      48 |   0.0 |  1005
          D:13 |       0 |   13196 |   0.0 |       0 |      43 |   0.0 |  1272
          D:14 |       0 |   10791 |   0.0 |       0 |      27 |   0.0 |  1323
          D:15 |       0 |   22105 |   0.0 |       0 |      57 |   0.0 |  1360
        Lair:1 |       0 |    7119 |   0.0 |       0 |      32 |   0.0 |  1374
        Lair:2 |       0 |    5525 |   0.0 |       0 |      29 |   0.0 |   890
        Lair:3 |       0 |    4585 |   0.0 |       0 |      15 |   0.0 |   920
        Lair:4 |       0 |    8054 |   0.0 |       0 |      23 |   0.0 |   816
        Lair:5 |       0 |    4994 |   0.0 |       0 |      28 |   0.0 |   923
        Lair:6 |       0 |   21198 |   0.0 |       0 |      54 |   0.0 |  1488
      Shoals:1 |       0 |   21771 |   0.0 |       0 |      46 |   0.0 |  1159
      Shoals:2 |       0 |   14460 |   0.0 |       0 |      31 |   0.0 |   962
      Shoals:3 |       0 |   18059 |   0.0 |       0 |      35 |   0.0 |   952
      Shoals:4 |       0 |   47732 |   0.0 |       0 |      72 |   0.0 |  1595
      Spider:1 |       0 |   11508 |   0.0 |       0 |      31 |   0.0 |   743
      Spider:2 |       0 |   10188 |   0.0 |       0 |      25 |   0.0 |   546
      Spider:3 |       0 |   13299 |   0.0 |       0 |      22 |   0.0 |  1283
      Spider:4 |       0 |   46195 |   0.0 |       0 |     103 |   0.0 |  1328
         Orc:1 |       0 |     857 |   0.0 |       0 |      17 |   0.0 |   347
         Orc:2 |       0 |   15220 |   0.0 |       0 |      92 |   0.0 |  1773
         Elf:1 |       0 |   29237 |   0.0 |       0 |      49 |   0.0 |  1104
         Elf:2 |       0 |   30760 |   0.0 |       0 |      51 |   0.0 |   753
         Elf:3 |       0 |   58271 |   0.0 |       0 |      52 |   0.0 |  1256
      Vaults:1 |       0 |   48401 |   0.0 |       0 |      88 |   0.0 |  1706
      Vaults:2 |       0 |   30804 |   0.0 |       0 |      43 |   0.0 |  1279
      Vaults:3 |       0 |   62612 |   0.0 |       0 |     102 |   0.0 |  1440
      Vaults:4 |       0 |   52925 |   0.0 |       0 |      69 |   0.0 |  1528
      Vaults:5 |       0 |  129746 |   0.0 |       0 |     104 |   0.0 |  1744
      Depths:1 |       0 |   82725 |   0.0 |       0 |      79 |   0.0 |  1640
      Depths:2 |       0 |   69867 |   0.0 |       0 |      71 |   0.0 |  1190
      Depths:3 |       0 |  113760 |   0.0 |       0 |     133 |   0.0 |  1885
      Depths:4 |       0 |   46821 |   0.0 |       0 |      32 |   0.0 |  1717
      Depths:5 |       0 |   70206 |   0.0 |       0 |      44 |   0.0 |   941
         Zot:1 |       0 |   52735 |   0.0 |       0 |      35 |   0.0 |  1224
         Zot:2 |       0 |   64118 |   0.0 |       0 |      35 |   0.0 |  1632
         Zot:3 |       0 |   56360 |   0.0 |       0 |      31 |   0.0 |   664
         Zot:4 |       0 |   35213 |   0.0 |       0 |      19 |   0.0 |  1027
         Zot:5 |       0 |  206607 |   0.0 |       0 |      53 |   0.0 |  1307
         IceCv |       0 |   12672 |   0.0 |       0 |      48 |   0.0 |   787
               +---------+---------+-------+---------+---------+-------+---------

Vault maps used:
D:1:      dpeg_arrival_chase, minmay_misc_feat_more_columns
D:2:      first_ration, uniq_sigmund
D:3:      fedhas_altar_1, gammafunk_temple_overflow_arena, zin_angel,
          lemuel_doored_altar, grunt_ministairs_10, elyvilon_altar_4,
          uniq_robin, uniq_ijyb, uniq_grinder
D:4:      wad_lake_hut, kennysheep_little_box, uniq_menkaure
D:5:      okawaru_trees_2, minmay_temple_entry_enclosed_plants
D:6:      cheibrodos_fertilizer, makhleb_heckhound_becter, old_standard_altar,
          serial_shops, shop_fountains
D:7:      yredelemnul_altar_generic, old_standard_altar, grunt_ogre_cave,
          nicolae_ru_awakened_eye
D:8:      nicolae_overflow_crystal_walls, jmf_multi_god_temple
D:9:      nicolae_overflow_hidden_temple, fiery_altar_vehumet, david_orc_5,
          uniq_erica
D:10:     due_lair_maze_entry_diamond, serial_shops,
          nicolae_shop_temple_entry_statues_fountains, serial_glass,
          glass_columns_a, glass_columns_a, glass_columns_a, glass_columns_c
D:11:     kennysheep_ambush_hall
D:12:     serial_park, serial_park_tiny_1, serial_park_square2,
          serial_park_square2, serial_park_gazebo, special_room,
          minmay_misc_feat_square
D:13:     uniq_erolcha, uniq_kirke
D:14:     david_vaults_4, minmay_misc_feat_room, minmay_door_square
D:15:     grunt_enter_depths_snipers, minmay_hidden_floor, uniq_josephine,
          uniq_azrael, uniq_roxanne
Lair:1:   beast_lair_carwin_10
Lair:2:   serial_bayou_shore_b, serial_bayou_shore_b, lemuel_fruit_fields,
          minmay_lair_oklob_chamber, grunt_megastairs_1, lemuel_fruit_fields,
          uniq_sonja
Lair:3:   minmay_shoals_entry_beasts, spider_nest_entry_funnel_web,
          grunt_megastairs_3
Lair:4:   wad_woods_road_01
Lair:5:   minmay_slime_entry_pillars
Lair:6:   hangedman_lair_in_review, portal_ice_cave_demonic_guard, dpeg_oklob_1
Shoals:1: hangedman_shoals_cup_caves, uniq_donald
Shoals:2: uniq_louise
Shoals:3: st_cyclops
Shoals:4: shoals_end_simple, shoal_ilsuiw, uniq_polyphemus
Spider:1: spiders_nest_hornet_nest, uniq_agnes
Spider:3: nicolae_spider_cling_ruins, uniq_bai_suzhen
Spider:4: floodkiller_spider_rune_tomb
Orc:1:    basic_altar
Orc:2:    grunt_orc_community_town_hall, grunt_orc_community_big_house_2,
          grunt_orc_community_big_house_2, grunt_orc_community_house_3,
          grunt_orc_community_house_1, grunt_orc_community_house_3,
          grunt_orc_community_house_3, serial_shops, nicolae_shop_waterfront,
          uniq_rupert
Elf:1:    minmay_elf_arrival_summoners, serial_shops, shop, minmay_elf_sorcery,
          minivault_25
Elf:2:    serial_shops, nicolae_shop_trees
Elf:3:    minmay_elf_hall
Vaults:1: nicolae_vaults_twisting_passages, ontoclasm_vaults_chip, v_pattern_5,
          v_alt_pattern_3, v_misc_27, hangedman_vaults_river_flow,
          v_alt_pattern_6, nicolae_vaults_little_squares_6,
          ontoclasm_vaults_bender, ontoclasm_vaults_gateway,
          nicolae_vaults_little_squares_3, uniq_aizul
Vaults:2: nicolae_vaults_triangles, hangedman_vaults_maws,
          hangedman_vaults_variations, nicolae_vaults_windows_and_doors_thing,
          vaults_room_corners, v_misc_18, nicolae_vaults_ring_of_whatevers,
          nicolae_vaults_know_your_exits, v_misc_23, stair_cage_open,
          hangedman_vaults_corner_blocks, serial_shops, bzr_entry_lakeside,
          uniq_jorgrun
Vaults:3: nicolae_vaults_rhombus_6, blue_anna_dwarven_crypt,
          vaults_room_grunt_arrival_checkpoint, grunt_vaults_hallway_long,
          vaults_room_pools, vaults_room_fours, v_rooms_5, v_misc_30,
          vaults_standard_mumra_x, v_misc_28, special_room_vaults,
          nicolae_trove_entry_crossroad, uniq_sojobo, uniq_saint_roka
Vaults:4: vaults_dpeg_cross, ontoclasm_vaults_ring_large, vaults_room_door_ring,
          ontoclasm_vaults_spin, nicolae_vaults_shelves_hall,
          nicolae_vaults_display_case, v_alt_pattern_2, uniq_jory
Depths:1: minmay_central_circle, abyss_entry, minmay_misc_feat_hallway,
          hell_entry, serial_sigils_hangedman_scar, grunt_decor_clamped,
          kennysheep_generic_room_11
Depths:2: cheibrodos_leafed_vault, enter_ziggurat_a, rand_demon_pan_entry_7,
          hell_entry, moated_statue, nicolae_abyss_entry_one_way_or_another,
          serial_shops, shop
Depths:3: grunt_profane_halls, serial_shops, hell_entry, pan_entry, abyss_entry
Depths:4: mu_elephants_graveyard, lightli_too_deep, abyss_entry,
          grunt_decor_one_mirror, infiniplex_staircase_pool_2, uniq_boris,
          uniq_frederick
Depths:5: evilmike_zot_entry_hall, abyss_entry, lemuel_crystal_altar,
          hell_entry, minmay_misc_feat_secret_circle
Zot:3:    nicolae_transmutations_shop
Bazaar:   bazaar_jpeg_ribbon
IceCv:    ice_cave_caverns_02

Table legend:
 A = Turns spent in this place as a percentage of turns spent in the entire game.
 B = Non-inter-level travel turns spent in this place as a percentage of non-inter-level travel turns spent in the entire game.
 C = Inter-level travel turns spent in this place as a percentage of turns spent in this place.
 D = Turns resting spent in this place as a percentage of non-inter-level travel turns spent in this place.
 E = Turns spent auto-exploring this place as a percentage of non-inter-level travel turns spent in this place.
 F = Non-inter-level travel turns spent in this place divided by the number of levels of this place that you've seen.
                   A       B       C       D       E      F
               +-------+-------+-------+-------+-------+----------------------
         Total | 100.0 | 100.0 |  10.0 |   5.6 |  63.1 | 1034.5
       Dungeon |  28.2 |  27.2 |  12.9 |   4.9 |  70.6 | 957.8
          Lair |  10.9 |  10.6 |  13.1 |   4.5 |  72.1 | 928.2
        Shoals |   8.0 |   8.6 |   3.2 |   5.9 |  56.4 | 1129.2
   Spider Nest |   6.7 |   6.6 |  11.4 |   7.2 |  57.8 | 864.2
  Orcish Mines |   3.6 |   3.3 |  17.8 |   7.2 |  60.7 | 871.5
   Elven Halls |   5.3 |   5.6 |   5.3 |   3.9 |  60.5 | 982.3
        Vaults |  13.1 |  13.3 |   9.1 |   7.6 |  56.3 | 1399.6
        Depths |  12.6 |  12.7 |   9.5 |   4.0 |  60.2 | 1335.0
           Zot |  10.0 |  10.4 |   5.8 |   7.6 |  64.2 | 1102.4
        Bazaar |   0.3 |   0.4 |   0.0 |   0.0 |  44.6 | 186.0
      Ice Cave |   1.3 |   1.5 |   0.0 |   4.6 |  22.7 | 787.0
               +-------+-------+-------+-------+-------+----------------------

Table legend:
 A = Kills in this place as a percentage of kills in entire the game.
 B = Kills by you in this place as a percentage of kills by you in the entire game.
 C = Kills by friends in this place as a percentage of kills by friends in the entire game.
 D = Other kills in this place as a percentage of other kills in the entire game.
 E = Experience gained in this place as a percentage of experience gained in the entire game.
 F = Experience gained in this place divided by the number of levels of this place that you have seen.
                   A       B       C       D       E      F
               +-------+-------+-------+-------+-------+----------------------
         Total | 100.0 | 100.0 | 100.0 | 100.0 | 100.0 | 31270.0
       Dungeon |  22.9 |  22.9 |  23.6 |   0.0 |   5.4 | 5786.2
          Lair |   7.8 |   7.9 |   3.6 |   0.0 |   3.2 | 8579.2
        Shoals |   7.9 |   7.9 |   9.1 |   0.0 |   6.4 | 25505.5
   Spider Nest |   7.8 |   7.6 |  16.4 |   0.0 |   5.1 | 20297.5
  Orcish Mines |   4.7 |   4.7 |   5.5 |   0.0 |   1.0 | 8038.5
   Elven Halls |   6.5 |   6.7 |   0.0 |  20.0 |   7.4 | 39422.7
        Vaults |  17.4 |  17.8 |   0.0 |  60.0 |  20.3 | 64897.6
        Depths |  15.5 |  15.0 |  40.0 |   0.0 |  24.3 | 77350.2
           Zot |   7.4 |   7.6 |   1.8 |   0.0 |  26.0 | 83006.6
      Ice Cave |   2.1 |   2.1 |   0.0 |  20.0 |   0.8 | 12672.0
               +-------+-------+-------+-------+-------+----------------------
